 Dungeon Crawl Stone Soup version 0.26-a0-501-g57170428f2 (webtiles) character file.

Game seed: 12740591908049767615

22271 ANON1729 the Thaumaturge (level 12, -4/67 (68) HPs)
             Began as a Deep Elf Air Elementalist on Aug 7, 2020.
             Was a High Priest of Vehumet.
             Slain by Fannar
             ... wielding an uncursed staff of cold
              (16 damage)
             ... on level 2 of the Lair of Beasts.
             The game lasted 00:58:28 (18959 turns).

ANON1729 the Thaumaturge (DEAE)                    Turns: 18959, Time: 00:58:29

HP:   -4/67 (68)    AC:  8    Str:  5    XL:     12   Next: 61%
MP:   16/30         EV: 21    Int: 26    God:    Vehumet [*****.]
Gold: 1062          SH:  0    Dex: 21    Spells: 5/35 levels left

rFire    + . .     SeeInvis .   h - +2 dagger (venom)
rCold    . . .     Faith    .   (no shield)
rNeg     . . .     Spirit   .   s - +3 leather armour {rF+}
rPois    .         Reflect  .   (no helmet)
rElec    .         Harm     .   r - +0 cloak {rCorr}
rCorr    +                      (no gloves)
MR       +....                  N - +0 pair of boots
Stlth    ++++......             J - amulet of the acrobat
HPRegen  0.21/turn              l - +4 ring of evasion
MPRegen  0.22/turn              x - +6 ring of dexterity

@: no status effects
A: no striking features
a: Renounce Religion


You were on level 2 of the Lair of Beasts.
You worshipped Vehumet.
Vehumet was extremely pleased with you.
You visited 3 branches of the dungeon, and saw 15 of its levels.
You also visited: Ossuary.

You collected 1062 gold pieces.

Inventory:

Hand Weapons
 h - a +2 dagger of venom (weapon)
 D - a +3 dagger of distortion
 I - a +3 scimitar of flaming
Armour
 r - a +0 cloak of preservation (worn)
 s - a +3 leather armour of fire resistance (worn)
 N - a +0 pair of boots (worn)
Jewellery
 l - a +4 ring of evasion (left hand)
 w - an uncursed ring of resist corrosion
 x - a +6 ring of dexterity (right hand)
 B - an uncursed ring of ice
 C - an uncursed ring of fire
 J - an amulet of the acrobat (around neck)
 Q - a +4 ring of protection
Wands
 d - a wand of disintegration (5)
 K - a wand of digging (9)
 L - a wand of paralysis (13)
 M - a wand of iceblast (15)
 O - a wand of enslavement (13)
Scrolls
 b - 2 scrolls of magic mapping
 f - 5 scrolls of teleportation
 g - 4 scrolls of enchant weapon
 p - 2 scrolls of fog
 q - 2 scrolls of amnesia
 v - 7 scrolls of remove curse
 y - a scroll of enchant armour {unknown}
 A - a scroll of torment {unknown}
 F - 2 scrolls of immolation
 G - a scroll of fear {unknown}
 P - a scroll of blinking {unknown}
 R - a scroll of noise {unknown}
Potions
 c - a potion of brilliance {unknown}
 e - 3 potions of ambrosia
 i - 10 potions of curing
 j - 7 potions of haste
 k - 2 potions of stabbing
 m - 4 potions of invisibility
 n - 2 potions of heal wounds
 o - 5 potions of might
 t - a potion of lignification {unknown}
 u - 5 potions of mutation
 z - 2 potions of flight {unknown}
 E - 2 potions of degeneration {unknown}


   Skills:
 + Level 5.2 Fighting
 - Level 3.0 Armour
 + Level 8.2 Dodging
 + Level 8.9 Stealth
 * Level 12.3 Spellcasting
 * Level 9.8 Conjurations
 + Level 5.8 Summonings
 + Level 4.7 Ice Magic
 * Level 9.8 Air Magic
 + Level 3.9 Evocations


You had 5 spell levels left.
You knew the following spells:

 Your Spells              Type           Power        Failure   Level
a - Shock                 Conj/Air       ####         1%          1
b - Swiftness             Air            ######..     1%          2
c - Static Discharge      Conj/Air       ######..     1%          3
d - Airstrike             Air            ######....   1%          4
e - Lightning Bolt        Conj/Air       ######....   1%          5
f - Summon Lightning Spi  Summ/Air       ######..     2%          4
g - Iskenderun's Battles  Conj           ######..     1%          5
h - Frozen Ramparts       Ice            #####.       1%          3
i - Dazzling Flash        Conj/Hex       #####.       1%          3

Your spell library contained the following spells:

 Spells                   Type           Power        Failure   Level
 Freeze                   Ice            ####         1%          1
 Summon Small Mammal      Summ           ####         1%          1
 Call Imp                 Summ           #####...     1%          2
 Call Canine Familiar     Summ           #####...     1%          3
 Hailstorm                Conj/Ice       ######..     1%          4
 Ozocubu's Armour         Ice            #####...     2%          3
 Summon Guardian Golem    Hex/Summ       ####....     5%          3
 Beastly Appendage        Tmut           ###...       6%          1
 Summon Ice Beast         Ice/Summ       #####...     6%          4
 Wereblood                Tmut           ###.....     9%          2
 Spider Form              Tmut/Pois      ###.......   17%         3
 Ice Form                 Ice/Tmut       ####....     22%         4
 Blade Hands              Tmut           ###.......   85%         5


Dungeon Overview and Level Annotations

Branches:
Dungeon (11/15)            Temple (1/1) D:4            Lair (3/6) D:10
 Shoals (0/4) Lair:3        Snake (0/4) Lair:2          Orc (0/2) D:9
Ossuary (visited)

Altars:
Ashenzari
Cheibriados
Dithmenos
Elyvilon
Fedhas
Gozag
Hepliaklqana
Kikubaaqudgha
Makhleb
Nemelex Xobeh
Okawaru
Qazlal
Ru
Sif Muna
Trog
Uskayaw
Vehumet
Wu Jian
Xom
Yredelemnul
Zin
The Shining One

Annotations:
Lair:2 Fannar


Message History

The barrage of energy hits the polar bear!!
The polar bear is almost dead.
Fannar hits you with an uncursed staff of cold.
Fannar freezes you!
The polar bear goes berserk!
Casting: Shock (safe; 1% risk of failure)
Confirm with . or Enter, or press ? or * to list all spells.
Aiming: Shock (safe; 1% risk of failure)
Press: ? - help, Shift-Dir - straight line, f/p - polar bear
Aim: a polar bear (almost dead, berserk)
The zap hits the polar bear.
The polar bear is almost dead.
Your battlesphere fires!
The barrage of energy hits Fannar!
Fannar is lightly wounded.
The polar bear bites you!!
* * * LOW HITPOINT WARNING * * *
The polar bear barely misses you.
The polar bear claws you but does no damage.
Fannar hits you but does no damage. Fannar freezes you!
You die...

#####.## ##.#..... #######
#.......# #..#P.# #........
##....# ### #.......P
###...####.######......#
#..(....#.........#....#
#.....h.....##.#...#....
#......@.............[.P
###...*..e....##P#P...###
###.#.....8....########...#
#..........#....# #.#..
#P.............## #..##
##....P........## ###..
###....#######.# #...
##......# ### ##..
##.....## ##### ##.


You could see Fannar (icy armour), a polar bear (berserk), a friendly lightning
spire (summoned) and a friendly battlesphere.

Vanquished Creatures
  Gastronok (D:8)
  3 hydras
  Erica (D:8)
  2 skeletal warriors
  An unseen horror (D:10)
  2 ugly things (D:11)
  2 cane toads
  2 black mambas (Lair:2)
  A merfolk siren (Lair:3)
  Psyche (D:8)
  Maggie (Lair:1)
  A rime drake (Lair:1)
  2 komodo dragons
  2 merfolk (Lair:3)
  A hornet (D:10)
  2 trolls
  3 hippogriffs
  A shadow (D:11)
  8 yaks
  A wyvern (D:10)
  Grum (Lair:1)
  A fire bat (D:6)
  3 wargs (D:10)
  5 water moccasins
  5 porcupines
  A hornet zombie (D:7)
  2 ice beasts
  3 sky beasts
  A black bear (D:9)
  5 orc warriors
  2 necrophages (D:8)
  5 ogres
  A phantom (D:7)
  7 wolves (Lair:1)
  6 centaurs
  10 crocodiles
  A big kobold (D:8)
  12 bullfrogs
  A gnoll sergeant (D:9)
  3 killer bees (D:7)
  22 wights
  2 howler monkeys
  A bullfrog zombie (D:8)
  A crimson imp (D:4)
  A centaur zombie (D:7)
  11 orc priests
  10 hounds
  2 bullfrog skeletons
  A centaur skeleton (D:8)
  Crazy Yiuf (D:6)
  Ijyb (D:3)
  5 iguanas
  24 orc wizards
  4 worker ants
  5 big kobold zombies (Ossuary)
  A mummy (Ossuary)
  3 hound skeletons
  A worker ant zombie (D:9)
  14 adders
  11 gnolls
  A shadow imp (D:9)
  3 white imps
  An ufetubus (D:10)
  2 adder skeletons
  An adder zombie (D:8)
  A worm (D:4)
  3 dart slugs
  4 leopard geckos
  68 orcs
  3 spectral bats (Ossuary)
  A ball python (D:2)
  3 bats
  6 giant cockroaches
  7 gnoll zombies (Ossuary)
  2 goblins (D:1)
  11 hobgoblins
  4 jackals (D:5)
  5 quokkas
  3 bat simulacra (Ossuary)
  A frilled lizard (D:2)
  4 goblin simulacra (Ossuary)
  5 goblin zombies (Ossuary)
  7 hobgoblin zombies (Ossuary)
  11 kobolds
  A kobold simulacrum (Ossuary)
  3 kobold zombies (Ossuary)
  A leopard gecko skeleton (D:7)
  3 orc zombies (Ossuary)
  5 rats
  5 rat simulacra (Ossuary)
  5 spectral goblins (Ossuary)
  A spectral kobold (Ossuary)
415 creatures vanquished.

Vanquished Creatures (collateral kills)
  A skeletal warrior (D:11)
  A cane toad (Lair:2)
  2 yaks
  A black bear (D:9)
  2 orc warriors
  A centaur (D:9)
  2 crocodiles
  2 bullfrogs
  2 scorpions
  2 wights (D:9)
  A bullfrog zombie (D:11)
  An orc priest (D:10)
  An iguana (D:11)
  A worker ant (D:9)
  A gnoll (D:9)
  A shadow imp (D:9)
  2 orcs
  A quokka (D:11)
25 creatures vanquished.

Vanquished Creatures (others)
  A kobold (D:8)
  A fungus (Lair:1)
2 creatures vanquished.

Grand Total: 442 creatures vanquished

Notes
Turn   | Place    | Note
-------+----------+-------------------------------------------
     0 | D:1      | ANON1729 the Deep Elf Air Elementalist began the quest for
                  | the Orb.
     0 | D:1      | Reached XP level 1. HP: 10/10 MP: 6/6
   280 | D:1      | Reached XP level 2. HP: 15/15 MP: 2/8
   912 | D:2      | Reached skill level 4 in Spellcasting
   912 | D:2      | Reached XP level 3. HP: 19/19 MP: 3/10
  1249 | D:2      | Found a faded altar of an unknown god.
  1345 | D:2      | Found a shimmering blue altar of Sif Muna.
  1493 | D:2      | Learned a level 2 spell: Swiftness
  1497 | D:2      | Learned a level 3 spell: Static Discharge
  1880 | D:3      | Reached XP level 4. HP: 19/24 MP: 3/12
  2365 | D:2      | Learned a level 4 spell: Airstrike
  2591 | D:3      | Reached XP level 5. HP: 12/28 MP: 10/14
  2683 | D:3      | Noticed Ijyb
  2708 | D:3      | Killed Ijyb
  2708 | D:3      | Reached skill level 5 in Spellcasting
  2758 | D:3      | Reached skill level 1 in Fighting
  3046 | D:3      | Reached XP level 6. HP: 34/34 MP: 6/16
  3889 | D:4      | Found a burning altar of Makhleb.
  3910 | D:4      | Found a staircase to the Ecumenical Temple.
  4030 | Temple   | Entered the Ecumenical Temple
  4353 | Temple   | Became a worshipper of Vehumet
  4494 | D:4      | Reached skill level 6 in Spellcasting
  4699 | D:5      | Entered Level 5 of the Dungeon
  4762 | D:5      | Reached XP level 7. HP: 38/38 MP: 12/18
  5447 | D:5      | Found a blossoming altar of Fedhas.
  5556 | D:6      | Reached * piety under Vehumet
  5556 | D:6      | Offered knowledge of Foxfire by Vehumet.
  5556 | D:6      | Reached skill level 5 in Air Magic
  5569 | D:6      | Learned a level 5 spell: Lightning Bolt
  5837 | D:6      | Noticed a fire bat
  5837 | D:6      | an orc warrior changed into a fire bat
  5849 | D:6      | Killed a fire bat
  5849 | D:6      | Reached skill level 7 in Spellcasting
  5849 | D:6      | Reached XP level 8. HP: 19/44 MP: 9/20
  6239 | D:6      | Found a runed translucent door.
  6240 | D:6      | Noticed Crazy Yiuf
  6724 | D:6      | Killed Crazy Yiuf
  6846 | D:7      | Reached skill level 5 in Stealth
  7010 | D:7      | Learned a level 4 spell: Summon Lightning Spire
  7057 | D:7      | Reached skill level 5 in Dodging
  7133 | D:7      | Found a stormy altar of Qazlal.
  7136 | D:7      | Noticed an air elemental
  7245 | D:7      | Reached skill level 5 in Conjurations
  7294 | D:7      | Reached skill level 1 in Armour
  7294 | D:7      | Reached skill level 8 in Spellcasting
  7294 | D:7      | Reached skill level 1 in Summonings
  7310 | D:7      | Offered knowledge of Magic Dart by Vehumet.
  7321 | D:7      | Reached ** piety under Vehumet
  7335 | D:7      | Reached XP level 9. HP: 26/49 MP: 4/23
  7912 | D:8      | Noticed Psyche
  7916 | D:8      | Killed Psyche
  8082 | D:8      | Noticed Gastronok
  8119 | D:8      | Reached skill level 9 in Spellcasting
  8122 | D:8      | Noticed Erica
  8179 | D:8      | Found a sand-covered staircase.
  8382 | Ossuary  | Entered an ossuary
  8406 | Ossuary  | Offered knowledge of Dazzling Flash by Vehumet.
  8411 | Ossuary  | Learned a level 3 spell: Dazzling Flash
  8511 | Ossuary  | Reached *** piety under Vehumet
  8889 | Ossuary  | Offered knowledge of Frozen Ramparts by Vehumet.
  9004 | Ossuary  | Learned a level 3 spell: Frozen Ramparts
  9270 | D:8      | Killed Gastronok
  9270 | D:8      | Reached skill level 1 in Ice Magic
  9270 | D:8      | Reached XP level 10. HP: 23/55 MP: 7/25
  9765 | D:8      | Killed Erica
  9765 | D:8      | Reached skill level 10 in Spellcasting
 10102 | D:9      | Reached **** piety under Vehumet
 10189 | D:9      | Offered knowledge of Mephitic Cloud by Vehumet.
 10209 | D:10     | Entered Level 10 of the Dungeon
 10966 | D:9      | Found a bloodstained altar of Trog.
 10992 | D:9      | Reached XP level 11. HP: 59/60 MP: 17/27
 11604 | D:9      | Reached ***** piety under Vehumet
 11622 | D:9      | Found a staircase to the Orcish Mines.
 11641 | D:9      | Offered knowledge of Bolt of Magma by Vehumet.
 12065 | D:10     | Killed an unseen horror
 12255 | D:10     | Found a shadowy altar of Dithmenos.
 12300 | D:10     | Reached skill level 1 in Evocations
 12854 | D:10     | Found a staircase to the Lair.
 13288 | D:10     | Reached skill level 11 in Spellcasting
 13638 | D:11     | Got a crystal quarterstaff
 13781 | D:11     | Identified the cursed +1 quarterstaff of Oliykuce {vorpal,
                  | rElec Int-4 Stlth+} (You found it on level 11 of the
                  | Dungeon)
 13902 | D:11     | Noticed a skeletal warrior
 13904 | D:11     | Noticed a skeletal warrior
 13910 | D:11     | Noticed a brown ugly thing
 13912 | D:11     | Noticed a skeletal warrior
 13913 | D:11     | Noticed a purple ugly thing
 13913 | D:11     | Killed a skeletal warrior
 13992 | D:10     | Killed a skeletal warrior
 14205 | D:11     | Killed a brown ugly thing
 14270 | D:11     | Killed a skeletal warrior
 14279 | D:11     | Killed a purple ugly thing
 14888 | Lair:1   | Entered Level 1 of the Lair of Beasts
 15154 | Lair:1   | Reached skill level 5 in Summonings
 15274 | Lair:1   | Noticed Maggie
 15306 | Lair:1   | Killed Maggie
 15861 | Lair:1   | Noticed Grum
 15870 | Lair:1   | Killed Grum
 16281 | Lair:1   | Reached XP level 12. HP: 67/67 MP: 25/29
 16289 | Lair:1   | Noticed a six-headed hydra
 16294 | Lair:1   | Killed a six-headed hydra
 17127 | Lair:2   | Found a staircase to the Snake Pit.
 17198 | Lair:2   | Noticed an eight-headed hydra
 17225 | Lair:2   | Reached skill level 5 in Fighting
 17225 | Lair:2   | Killed an eight-headed hydra
 17225 | Lair:2   | Reached skill level 12 in Spellcasting
 17994 | Lair:3   | Noticed an eight-headed hydra
 18000 | Lair:3   | Killed an eight-headed hydra
 18000 | Lair:3   | Offered knowledge of Iskenderun's Battlesphere by Vehumet.
 18007 | Lair:3   | Learned a level 5 spell: Iskenderun's Battlesphere
 18642 | Lair:3   | Found a staircase to the Shoals.
 18787 | Lair:3   | Noticed Fannar
 18959 | Lair:2   | Slain by Fannar

Illustrated notes

Levels and vault maps discovered:
D:1:      doesnt_arrival_eight_statues, layout_basic
D:2:      layout_basic, lemuel_doored_altar, chequers_ecumenical_altar_island
D:3:      layout_rooms, uniq_ijyb
D:4:      layout_gridville, makhleb_grotto_becter, minmay_temple_entry_hall,
          hangedman_abyss_or_decor_stabs, serial_park_tiny_2
D:5:      layout_loops_ring, kennysheep_little_box
D:6:      layout_loops_corners, uniq_crazy_yiuf_cottage
D:7:      layout_rooms, nicolae_qazlal_style_of_elements,
          kennysheep_small_square
D:8:      layout_rooms, nicolae_ossuary_entry_ruins, minivault_19, uniq_psyche,
          uniq_gastronok, uniq_erica
D:9:      minmay_goldmine, layout_cave_pools, hiddenorc2_lemuel,
          trog_three_pillars_becter
D:10:     layout_grid_maze, erik_lair_orcish_takeover, basic_altar
D:11:     layout_cave_pools
Temple:   dpeg_five_rooms_temple
Lair:1:   layout_gridlike, minmay_stone_trees_medium, grunt_megastairs_4,
          uniq_grum, uniq_maggie
Lair:2:   layout_misc_corridors, guppyfry_snake_entry_island, grunt_megastairs_1
Lair:3:   layout_hall_layers, elwin_shoals_entry_stream, serial_bayou_shore_b,
          uniq_fannar

Skill      XL: |  1  2  3  4  5  6  7  8  9 10 11 12 |
---------------+-------------------------------------+-----
Spellcasting   | 4 5 6 7 8 9 10 11 12 | 12.3
Dodging        | 3 4 5 6 7 8 |  8.2
Stealth        | 3 4 5 6 7 8 |  8.9
Conjurations   | 2 3 4 5 7 9 |  9.8
Air Magic      | 4 5 6 7 8 9 |  9.8
Fighting       | 1 2 3 4 5 |  5.2
Armour         | 1 2 3 |  3.0
Summonings     | 1 3 4 5 |  5.8
Ice Magic      | 1 2 4 |  4.7
Evocations     | 2 3 |  3.9

Action                   |  1- 3 |  4- 6 |  7- 9 | 10-12 || total
-------------------------+-------+-------+-------+-------++-------
Melee: Dagger            |     6 |     7 |    70 |    45 ||   128
       Unarmed           |       |    12 |       |       ||    12
 Cast: Shock             |    74 |   134 |   329 |   466 ||  1003
       Airstrike         |       |     1 |    16 |   150 ||   167
       Lightning Bolt    |       |       |     6 |    12 ||    18
       Summon Lightning  |       |       |     1 |    26 ||    27
       Dazzling Flash    |       |       |       |     1 ||     1
       Frozen Ramparts   |       |       |       |     1 ||     1
       Iskenderun's Batt |       |       |       |     4 ||     4
Evoke: Wand              |       |       |     2 |     5 ||     7
  Use: Potion            |       |       |     1 |       ||     1
       Scroll            |       |       |    12 |     8 ||    20
 Stab: Sleeping          |       |       |     2 |     2 ||     4
       Invisible         |       |       |       |     1 ||     1
Armor: Robe              |     1 |       |       |       ||     1
       Leather armour    |       |       |    30 |    44 ||    74
Dodge: Dodged            |    10 |    31 |   168 |   270 ||   479

Table legend: (Time is in decaauts)
 A = Elapsed time spent in this place.
 B = Non-inter-level travel time spent in this place.
 C = Inter-level travel time spent in this place.
 D = Time resting spent in this place.
 E = Time spent auto-exploring this place.
 F = Levels seen in this place.
 G = Mean time per level.
                   A        B        C        D        E       F      G
               +--------+--------+--------+--------+--------+-----+--------+
         Total |  19007 |  18300 |    707 |   9199 |   6504 |  16 | 1187.9 |
       Dungeon |  13840 |  13405 |    435 |   6611 |   4887 |  11 | 1258.2 |
        Temple |    375 |    203 |    172 |      0 |    189 |   1 |  375.0 |
          Lair |   4078 |   3979 |     99 |   2263 |   1257 |   3 | 1359.3 |
       Ossuary |    712 |    712 |      0 |    325 |    171 |   1 |  712.0 |
               +--------+--------+--------+--------+--------+-----+--------+

Top non-repeatable levels by time:
  Lair:1: 2094 daAuts
    D:10: 2032 daAuts
     D:9: 1907 daAuts
     D:6: 1507 daAuts
  Lair:2: 1417 daAuts
     D:3: 1396 daAuts
     D:2: 1269 daAuts
     D:7: 1263 daAuts
    D:11: 1041 daAuts
     D:8: 955 daAuts
     D:4: 950 daAuts
     D:5: 806 daAuts
 Ossuary: 712 daAuts
     D:1: 709 daAuts
  Lair:3: 566 daAuts
